 Dungeon Crawl Stone Soup version 0.28-a0-410-gbef64dd269 (webtiles) character file.

Game seed: 14458746043493127669

125 ytrimaz the Insei (level 5, -6/34 HPs)
             Began as an Octopode Transmuter on Sept 6, 2021.
             Mangled by an ogre (16 damage)
             ... on level 4 of the Dungeon.
             The game lasted 00:08:29 (4064 turns).

ytrimaz the Insei (Octopode Transmuter)             Turns: 4064, Time: 00:08:29

Health: -6/34      AC:  1    Str: 10    XL:     5   Next: 9%
Magic:  8/8        EV: 13    Int: 16    God:
Gold:   68         SH:  0    Dex: 12    Spells: 2/8 levels left

rFire   . . .      SeeInvis .     - Unarmed
rCold   . . .      Faith    .   (no shield)
rNeg    . . .      Spirit   .   (helmet currently unavailable)
rPois   .          Reflect  .   (no amulet)
rElec   .          Harm     .   (no ring)
rCorr   .          Rampage  .   (no ring)
Will    .....                   (no ring)
Stlth   ++........              (no ring)
HPRegen 0.11/turn               (no ring)
MPRegen 0.11/turn               (no ring)
                                (no ring)
                                (no ring)

@: appendages, silenced
A: tentacle spike 3, almost no armour, amphibious, 8 rings, camouflage 1,
gelatinous body 1, (nimble swimmer 1), tentacles
a: End Transformation


You were on level 4 of the Dungeon.
One of your tentacles had grown a beastly spike.
You visited 1 branch of the dungeon, and saw 5 of its levels.

You collected 125 gold pieces.
You spent 57 gold pieces at shops.

Inventory:

Scrolls
 h - a scroll of silence
 j - 2 scrolls of identify
 k - a scroll of magic mapping
 l - a scroll of enchant weapon
Potions
 a - a potion of attraction
 b - 4 potions of curing {unknown}
 c - a potion of degeneration {unknown}
 d - a potion of haste {unknown}
 e - 2 potions of brilliance {unknown}
 f - 2 potions of lignification {unknown}
 g - a potion of heal wounds {unknown}
 m - 2 potions of mutation {unknown}


   Skills:
 * Level 1.8 Fighting
 - Level 2.4 Dodging
 * Level 1.2 Stealth
 * Level 4.5 Unarmed Combat
 * Level 2.2 Spellcasting
 - Level 2.6 Transmutations


You had 2 spell levels left.
You knew the following spells:

 Your Spells              Type           Power      Damage    Failure   Level
a - Beastly Appendage     Tmut           20%        N/A       7%          1
b - Spider Form           Tmut/Pois      2%         N/A       34%         3
c - Wereblood             Tmut           10%        N/A       11%         2

Your spell library contained the following spells:

 Spells                   Type           Power      Damage    Failure   Level
 Slow                     Hex            1%         N/A       30%         2
 Confusing Touch          Hex            1%         N/A       52%         3
 Vampiric Draining        Necr           0%         2d6       52%         3
 Ice Form                 Ice/Tmut       5%         N/A       75%         4


Dungeon Overview and Level Annotations

Branches:
Dungeon (5/15)
 Temple: D:4-7

Altars:

Shops:
D:1 *   D:2 *   D:3 [   D:4 *


Innate Abilities, Weirdness & Mutations

One of your tentacles has grown a beastly spike.
You cannot wear most types of armour.
You are amphibious.
You can wear up to eight rings at the same time.
Your skin changes colour to match your surroundings (Stealth+).
Your rubbery body absorbs attacks. (AC +1, EV +1)
((You are camouflaged near water. (Stealth+)))
You have tentacles for arms and can constrict up to eight enemies at once.


Message History

Found a robe, a bubbling inky potion and a scroll labelled XIBIOLI ACSU.
There is a stone staircase leading up here.
Casting: Beastly Appendage (safe; 7% risk of failure)
Confirm with . or Enter, or press ? or * to list all spells.
One of your tentacles grows a vicious spike.
An iguana comes into view.
Found a short sword and a gold piece.
The ogre shouts!
You tentacle-slap the ogre.
Your tentacle spike misses the ogre.
The ogre is lightly wounded.
An adder comes into view.
The adder hisses angrily.
You tentacle-slap the ogre. You squeeze the ogre.
The ogre is moderately wounded.
The ogre misses you.
You bludgeon the ogre!
The ogre is severely wounded.
The ogre hits you with a +0 giant club!!
Ouch! That really hurt!
* * * LOW HITPOINT WARNING * * *
The adder zombie closely misses you.
There is a stone staircase leading up here.
The adder zombie closely misses you.
You climb upwards.
There is a stone staircase leading down here.
As you read the scroll labelled MAUSERHAWE, it crumbles to dust.
It is a scroll of amnesia.
Really abort (and waste the scroll)? [Y]es or [N]o only, please.
Really abort (and waste the scroll)? [Y]es or [N]o only, please.
Really abort (and waste the scroll)?
Really abort (and waste the scroll)?
Okay, then.
The ogre closely misses you.
As you read the scroll labelled UTUOG GUUXUN, it crumbles to dust.
A profound silence engulfs you.
It was a scroll of silence.
The ogre closely misses you. The ogre hits you with a +0 giant club!
You die...

..##..#........#.#######
..##..#.#.##...#.#
#....########..#.#
.#....#........#.#
..#..[#.#####..#.#
...#..#.#....#.#.#
..[.#.#.#.##.#...#
......#.#........#
###.#.#.####.##O@#
#.#...#.........>#########
..#...#####...####.......#
#.#...........####.......#
#.#...#####..............#
#.#....#.................#
..##...#.##.........######
######.#.##.........#
#....#.##...<.....#


You could see an ogre.

Vanquished Creatures
  2 hound skeletons
  2 adders
  A worm (D:2)
  4 dart slugs
  An orc (D:4)
  6 ball pythons
  10 endoplasms
  5 giant cockroaches
  6 goblins
  5 hobgoblins
  2 jackals
  5 quokkas
  4 bats
  A frilled lizard (D:1)
  5 kobolds
  A quokka skeleton (D:4)
  5 rats
65 creatures vanquished.

Notes
Turn   | Place    | Note
-------+----------+-------------------------------------------
     0 | D:1      | ytrimaz the Octopode Transmuter began the quest for the
                  | Orb.
     0 | D:1      | Reached XP level 1. HP: 13/13 MP: 3/3
    40 | D:1      | Found a faded altar of an unknown god.
   122 | D:1      | You fall into a shaft and drop 1 floor!
   151 | D:1      | Reached XP level 2. HP: 15/18 MP: 5/5
   363 | D:1      | Found Eqiud's General Store.
   774 | D:2      | Reached XP level 3. HP: 9/23 MP: 6/6
  1501 | D:1      | Learned a level 3 spell: Spider Form
  1799 | D:2      | Found Zeipsu's Assorted Antiques.
  1817 | D:2      | Reached skill level 4 in Unarmed Combat
  1833 | D:2      | Bought a scroll labelled YVOHYEJITI for 19 gold pieces
  1833 | D:2      | Bought a scroll labelled HETTEHA DUBLUA for 19 gold pieces
  1833 | D:2      | Bought a scroll labelled UDAEGA DIR ITU for 19 gold pieces
  2137 | D:2      | Reached XP level 4. HP: 22/28 MP: 5/7
  2525 | D:3      | Learned a level 2 spell: Wereblood
  3028 | D:3      | Found Baomo's Antique Armour Shop.
  3417 | D:4      | Found Qack's Gadget Gallery.
  3445 | D:4      | Reached XP level 5. HP: 34/34 MP: 8/8
  3610 | D:4      | Reached skill level 1 in Stealth
  4053 | D:5      | Entered Level 5 of the Dungeon
  4053 | D:5      | Noticed an ogre
  4064 | D:4      | Mangled by an ogre

Illustrated notes

Levels and vault maps discovered:
D:1:      arrival_zaba_pyramid, layout_basic, basic_ecumenical_altar,
          serial_shops, nicolae_shop_trees
D:2:      layout_basic, serial_shops, nicolae_shop_behind_doors
D:3:      layout_loops_cross, serial_shops,
          nicolae_shop_competitors_out_of_business, minmay_misc_feat_roman,
          grunt_ministairs_14
D:4:      layout_basic, minivault_26, nicolae_shop_gadgets
D:5:      layout_cave_pools, cheibrodos_sewer_entry_sluice, serial_glass,
          glass_columns_c, glass_columns_b, glass_columns_a, glass_columns_c,
          amethyst_killhole

Skill      XL: |  1  2  3  4  5 |
---------------+----------------+-----
Unarmed Combat | 4 |  4.5
Stealth        | 1 |  1.2
Fighting       | |  1.8
Dodging        | |  2.4
Spellcasting   | |  2.2
Transmutations | |  2.6

Action                   |  1- 3 |  4- 6 || total
-------------------------+-------+-------++-------
Melee: Unarmed           |    83 |    81 ||   164
       Constrict         |    12 |    13 ||    25
       Tentacles         |     6 |     9 ||    15
       Kick              |     3 |     1 ||     4
       Punch             |     1 |     1 ||     2
 Cast: Beastly Appendage |     4 |     4 ||     8
       Spider Form       |     3 |       ||     3
       Wereblood         |       |     1 ||     1
  Use: Scroll            |     6 |     2 ||     8
 Stab: Sleeping          |     4 |     8 ||    12
Armor: Skin              |    10 |    13 ||    23
Dodge: Dodged            |    71 |    66 ||   137

Table legend: (Time is in decaauts)
 A = Elapsed time spent in this place.
 B = Non-inter-level travel time spent in this place.
 C = Inter-level travel time spent in this place.
 D = Time resting spent in this place.
 E = Time spent auto-exploring this place.
 F = Levels seen in this place.
 G = Mean time per level.
                   A        B        C        D        E       F      G
               +--------+--------+--------+--------+--------+-----+--------+
         Total |   4053 |   3982 |     71 |    901 |   2379 |   5 |  810.6 |
       Dungeon |   4053 |   3982 |     71 |    901 |   2379 |   5 |  810.6 |
               +--------+--------+--------+--------+--------+-----+--------+

Top non-repeatable levels by time:
     D:2: 1187 daAuts
     D:1: 1157 daAuts
     D:3: 921 daAuts
     D:4: 780 daAuts
     D:5: 7 daAuts
